 Dungeon Crawl Stone Soup version 0.30.0-29-ga12c61a403 (webtiles) character file.

Game seed: 327414674485948513

515 Peloso the Slasher (level 7, -2/61 HPs)
             Began as a Minotaur Fighter on June 23, 2023.
             Slain by Edmund
             ... wielding a +2 heavy flail
              (13 damage)
             ... on level 3 of the Dungeon.
             The game lasted 00:06:26 (2817 turns).

Peloso the Slasher (Minotaur Fighter)               Turns: 2817, Time: 00:06:27

Health: -2/61      AC:  7    Str: 21    XL:     7   Next: 0%
Magic:  6/6        EV: 10    Int:  5    God:
Gold:   162        SH:  5    Dex: 11    Spells: 6/6 levels left

rFire   . . .        a - +1 long sword
rCold   . . .        c - +0 buckler
rNeg    . . .        b - +0 scale mail
rPois   .            (helmet restricted)
rElec   .            (no cloak)
rCorr   .            (no gloves)
SInv    .            (no boots)
Will    .....        (no amulet) Stlth
                     (no ring)
HPRegen 0.30/turn    (no ring)
MPRegen 0.10/turn

%: no passive effects
@: no status effects
A: horns 2, retaliatory headbutt
a: no special abilities


You were on level 3 of the Dungeon.
You visited 1 branch of the dungeon, and saw 4 of its levels.

You collected 162 gold pieces.

Inventory:

Hand Weapons
 a - a +1 long sword (weapon)
Armour
 b - a +0 scale mail (worn)
 c - a +0 buckler (worn)
Jewellery
 i - a ring of fire
Scrolls
 e - a scroll of fog
 g - a scroll of enchant weapon
 l - a scroll of noise
 o - a scroll of amnesia {unknown}
Potions
 d - a potion of might
 f - 3 potions of ambrosia {unknown}
 j - 2 potions of cancellation {unknown}


   Skills:
 + Level 5.1 Fighting
 + Level 6.0 Long Blades
 + Level 5.7 Armour
 + Level 1.3 Dodging
 + Level 0.5 Stealth
 + Level 4.6 Shields


You had 6 spell levels left.
You didn't know any spells.
Your spell library contained the following spells:

 Spells                   Type           Power      Damage    Failure   Level
 Summon Small Mammal      Summ           0%         N/A       86%         1
 Ensorcelled Hibernation  Hex/Ice        0%         N/A       94%         2
 Passwall                 Tmut/Erth      0%         N/A       94%         2
 Call Canine Familiar     Summ           0%         N/A       99%         3
 Summon Guardian Golem    Hex/Summ       0%         N/A       99%         3
 Swiftness                Air            0%         N/A       99%         3
 Leda's Liquefaction      Hex/Erth       0%         N/A       100%        4
 Lee's Rapid Deconstruct  Erth           0%         3d4*      100%        5
 Statue Form              Tmut/Erth      0%         N/A       100%        6


Dungeon Overview and Level Annotations

Branches:
Dungeon (4/15)
 Temple: D:4-7

Altars:
Kikubaaqudgha

Shops:
D:2 (

Annotations:
D:3 Edmund


Innate Abilities, Weirdness & Mutations

You have a pair of horns on your head.
You reflexively headbutt those who attack you in melee.


Message History

The ice beast is moderately wounded.
The ice beast barely misses you. You furiously retaliate!
You headbutt the ice beast. You closely miss the ice beast.
The ice beast is heavily wounded.
The ice beast hits you. The ice beast freezes you.
You barely miss the ice beast.
The ice beast is heavily wounded.
The ice beast hits you but does no damage.
You slash the ice beast!
You kill the ice beast!
Your Long Blades skill increases to level 6!
You have reached level 7!
You closely miss Edmund. Edmund hits you with a +2 heavy flail!
You hit Edmund.
Edmund is lightly wounded.
Edmund misses you. You furiously retaliate!
You headbutt Edmund. You hit Edmund.
Edmund is moderately wounded.
You closely miss Edmund. You headbutt Edmund!
Edmund is heavily wounded.
Edmund hits you with a +2 heavy flail!
* * * LOW HITPOINT WARNING * * *
You hit Edmund.
Edmund is heavily wounded.
Edmund closely misses you.
You hit Edmund but do no damage. You headbutt Edmund, but do no damage.
Edmund is heavily wounded.
Edmund hits you with a +2 heavy flail!
* * * LOW HITPOINT WARNING * * *
You feel better.
You hit Edmund.
Edmund is heavily wounded.
Edmund hits you with a +2 heavy flail.
* * * LOW HITPOINT WARNING * * *
Unknown command.
You closely miss Edmund. Your headbutt misses Edmund.
Edmund is heavily wounded.
Edmund hits you with a +2 heavy flail!
You die...

#.#####.#### #....#.#.# #.#
#.....# #.####.#.# #.# #.....#
#†##<#.#)# #.####.....#
#.##.#.#.# #.#..#.....#
#....#...# #.#..##.####
########## #.#..##.## #.#......#
#################### #.#.##...#
##÷@@........b.......
#.#.#....####>.##################
#.#.#.........).# #......
#.#.#...........# #......
#.#.###.#.......# #...)..
#.#.............# #......
#.######.)......# ###...)..
#...............# #........
########........# #....#.##


You could see Edmund.

Vanquished Creatures
  Grinder (D:3)
  An ice beast (D:3)
  A phantom (D:3)
  A hound (D:3)
  3 adders
  A worm (D:3)
  3 dart slugs
  3 orcs (D:3)
  11 endoplasms
  A giant cockroach (D:4)
  5 goblins
  7 hobgoblins
  4 jackals (D:1)
  6 kobolds
  2 quokkas
  10 ball pythons
  4 bats
  3 frilled lizards
  6 rats
73 creatures vanquished.

Notes
Turn   | Place    | Note
-------+----------+-------------------------------------------
     0 | D:1      | Peloso the Minotaur Fighter began the quest for the Orb.
     0 | D:1      | Reached XP level 1. HP: 19/19 MP: 0/0
   213 | D:1      | Reached XP level 2. HP: 25/27 MP: 1/1
  1078 | D:2      | Reached XP level 3. HP: 33/33 MP: 2/2
  1139 | D:2      | Reached skill level 3 in Long Blades
  1688 | D:2      | Found Visasex's Weapon Emporium.
  1806 | D:3      | Reached XP level 4. HP: 41/41 MP: 3/3
  1810 | D:3      | Found an ancient bone altar of Kikubaaqudgha.
  2116 | D:3      | Reached skill level 4 in Long Blades
  2374 | D:4      | Noticed a phantom
  2375 | D:4      | Noticed Grinder
  2387 | D:3      | Reached XP level 5. HP: 24/47 MP: 4/4
  2502 | D:3      | Killed a phantom
  2503 | D:3      | Reached skill level 5 in Armour
  2607 | D:4      | Paralysed by Grinder for 4 turns
  2615 | D:4      | Noticed Edmund
  2617 | D:4      | Noticed an ice beast
  2619 | D:4      | Paralysed by Grinder for 2 turns
  2624 | D:3      | Paralysed by Grinder for 4 turns
  2636 | D:3      | Killed Grinder
  2637 | D:3      | Reached skill level 5 in Fighting
  2637 | D:3      | Reached skill level 5 in Long Blades
  2637 | D:3      | Reached skill level 1 in Dodging
  2637 | D:3      | Reached XP level 6. HP: 10/56 MP: 5/5
  2808 | D:3      | Killed an ice beast
  2809 | D:3      | Reached skill level 6 in Long Blades
  2809 | D:3      | Reached XP level 7. HP: 40/61 MP: 6/6
  2817 | D:3      | Slain by Edmund

Illustrated notes

Levels and vault maps discovered:
D:1:      lemuel_arrival_muddy, layout_basic
D:2:      layout_loops_ring, serial_shops, nicolae_shop_peninsula
D:3:      layout_basic, kiku_gazebo_pond_becter
D:4:      layout_loops_ring, serial_shops, nicolae_shop_behind_doors,
          uniq_edmund, uniq_grinder

Skill      XL: |  1  2  3  4  5  6 |
---------------+-------------------+-----
Fighting       | 4 5 |  5.1
Shields        | 4 |  4.6
Armour         | 4 5 |  5.7
Long Blades    | 3 4 5 6 |  6.0
Dodging        | 1 |  1.3
Stealth        | |  0.5

Action                     |  1- 3 |  4- 6 |  7- 9 || total
---------------------------+-------+-------+-------++-------
  Melee: Long sword        |    94 |    72 |     8 ||   174
         Headbutt          |    17 |     9 |     2 ||    28
    Use: Scroll            |     4 |     4 |       ||     8
         Potion            |     1 |     2 |     1 ||     4
 Armour: Scale mail        |    39 |    33 |       ||    72
  Dodge: Dodged            |    45 |    36 |     2 ||    83
  Block: Buckler           |    14 |    22 |       ||    36
